 Dungeon Crawl Stone Soup version 0.17.2-1-ge4368a0 (webtiles) character file.

317 Goblin1989 the Sneak (level 6, -2/41 HPs)
             Began as a Vampire Enchanter on Apr 28, 2017.
             Slain by a river rat (7 damage)
             ... in a sewer.
             The game lasted 00:31:19 (6542 turns).

Goblin1989 the Sneak (Vampire Enchanter)            Turns: 6542, Time: 00:31:19

Health: -2/41      AC:  6    Str:  7    XL:     6   Next: 20%
Magic:  4/9        EV: 13    Int: 18    God:
Gold:   142        SH:  0    Dex: 16    Spells: 3 memorised, 3 levels left

rFire  . . .     SeeInvis +     a - +1 dagger
rCold  + + .     Clarity  .     b - +1 robe
rNeg   + + +     SustAt   .     (no shield)
rPois  +         Gourm    .     (no helmet)
rElec  .         Spirit   .     d - +2 cloak
rCorr  .         Warding  .     (no gloves)
rMut   .         Stasis   .     (no boots)
MR     .....                    (no amulet)
Stlth  ++++......               o - ring of poison resistance
                                y - -3 ring of slaying (curse)

@: regenerating slowly, not resistant to hostile enchantments, stealthy
A: fangs 3, see invisible, unbreathing
a: Bat Form


You were in a sewer.
You were near bloodless.

You visited 2 branches of the dungeon, and saw 7 of its levels.
You also visited: Sewer.

You collected 142 gold pieces.

Inventory:

Hand Weapons
 a - a +1 dagger (weapon)
Armour
 b - a +1 robe (worn)
 d - a +2 cloak (worn)
 n - the +1 scale mail of Roceapp {Int+3}
   (You found it on level 5 of the Dungeon)

   It affects your intelligence (+3).
Jewellery
 g - a ring of ice
 l - a ring of see invisible {unknown}
 o - a ring of poison resistance (right hand)
 y - a cursed -3 ring of slaying (left hand)
Scrolls
 e - a scroll of blinking {unknown}
 f - 2 scrolls of immolation
 i - a scroll of fog {unknown}
 m - 2 scrolls of remove curse {unknown}
 R - 4 scrolls of identify {@r1}
Potions
 k - 3 potions of heal wounds {@q2, !q}
 p - 2 potions of lignification {unknown}
 q - a potion of blood {@q4}
 r - a potion of might {unknown}
Books
 c - a book of Maledictions

   Spells                             Type                      Level
   a - Corona                         Hexes                        1
   b - Ensorcelled Hibernation        Hexes/Ice                    2
   c - Confuse                        Hexes                        3
   d - Tukima's Dance                 Hexes                        3
   e - Dazzling Spray                 Conjuration/Hexes            3
 h - a book of Summonings

   Spells                             Type                      Level
   a - Recall                         Summoning/Translocation      3
   b - Aura of Abjuration             Summoning                    5
   c - Shadow Creatures               Summoning                    5
   d - Summon Demon                   Summoning                    5
   e - Summon Forest                  Summoning/Translocation      5
   f - Summon Mana Viper              Hexes/Summoning              5
 j - a book of Ice

   Spells                             Type                      Level
   a - Ice Form                       Ice/Transmutation            4
   b - Metabolic Englaciation         Hexes/Ice                    5
   c - Ozocubu's Refrigeration        Ice                          6
   d - Bolt of Cold                   Conjuration/Ice              6
   e - Freezing Cloud                 Conjuration/Ice/Air          6
   f - Simulacrum                     Ice/Necromancy               6


   Skills:
 * Level 5.0 Short Blades
 - Level 2.1 Dodging
 + Level 6.6 Stealth
 - Level 2.0 Spellcasting
 + Level 6.1 Hexes


You had 3 spell levels left.
You knew the following spells:

 Your Spells              Type           Power        Failure   Level  Hunger
a - Corona                Hex            ###....      1%          1    #......
x - Confuse               Hex            ###.....     4%          3    ###....
z - Ensorcelled Hibernat  Hex/Ice        ##....       10%         2    ###....


Dungeon Overview and Level Annotations

Branches:
Dungeon (6/15)             Temple (1/1) D:5

Altars:
Cheibriados
Dithmenos
Elyvilon
Fedhas
Kikubaaqudgha
Qazlal
Sif Muna
Trog
Yredelemnul
Zin
The Shining One

Annotations:
D:3 Alipheese's ghost, weakling NaWz
D:4 Alipheese's ghost, amateur NaGl
D:5 2 runed doors
D:6 exclusion: jelly, Blork the orc


Innate Abilities, Weirdness & Mutations

You heal slowly.
You have razor-sharp teeth.
You have supernaturally acute eyesight.
You can survive without breathing.


Message History

The river rat is lightly wounded.
The river rat completely misses you.
You hit the river rat but do no damage.
The river rat is lightly wounded.
You hit the river rat.
The river rat is moderately wounded.
The river rat closely misses you.
You hit the river rat but do no damage.
The river rat is moderately wounded.
The river rat misses you.
You closely miss the river rat.
The river rat is moderately wounded.
The river rat closely misses you.
You closely miss the river rat.
The river rat is moderately wounded.
You hit the river rat but do no damage.
The river rat is moderately wounded.
The river rat closely misses you.
You barely miss the river rat.
You bite the river rat, but do no damage.
The river rat is moderately wounded.
The river rat closely misses you.
You hit the river rat but do no damage.
You bite the river rat, but do no damage.
The river rat is moderately wounded.
The river rat bites you but does no damage.
You hit the river rat but do no damage.
The river rat is moderately wounded.
The river rat barely misses you.
You hit the river rat but do no damage.
The river rat is moderately wounded.
You barely miss the river rat.
The river rat is moderately wounded.
The river rat closely misses you.
You hit the river rat but do no damage.
The river rat is moderately wounded.
The river rat bites you.
* * * LOW HITPOINT WARNING * * *
You take 5 damage, and have 15/41 hp.
You hit the river rat but do no damage.
The river rat is moderately wounded.
The river rat bites you.
* * * LOW HITPOINT WARNING * * *
You take 1 damage, and have 14/41 hp.
You hit the river rat but do no damage.
The river rat is moderately wounded.
You hit the river rat but do no damage.
The river rat is moderately wounded.
The river rat closely misses you.
You hit the river rat but do no damage.
The river rat is moderately wounded.
The river rat closely misses you.
You hit the river rat but do no damage.
The river rat is moderately wounded.
The river rat completely misses you.
You hit the river rat but do no damage. You bite the river rat.
You draw the river rat's blood!
You feel better.
You feel slightly less thirsty.
The river rat is heavily wounded.
You regained 3 hp, and now have 18/41 hp.
You hit the river rat but do no damage.
The river rat is heavily wounded.
The river rat bites you but does no damage.
You barely miss the river rat.
The river rat is heavily wounded.
The river rat misses you.
You hit the river rat but do no damage.
The river rat is heavily wounded.
The river rat twitches its whiskers.
The river rat closely misses you.
You barely miss the river rat.
The river rat is heavily wounded.
You completely miss the river rat.
The river rat is heavily wounded.
The river rat bites you.
* * * LOW HITPOINT WARNING * * *
You take 2 damage, and have 16/41 hp.
You barely miss the river rat.
The river rat is heavily wounded.
The river rat misses you.
You hit the river rat but do no damage.
You bite the river rat, but do no damage.
The river rat is heavily wounded.
The river rat bites you.
* * * LOW HITPOINT WARNING * * *
You take 3 damage, and have 13/41 hp.
You hit the river rat but do no damage.
The river rat is heavily wounded.
You hit the river rat but do no damage. Your bite misses the river rat.
The river rat is heavily wounded.
The river rat bites you!
* * * LOW HITPOINT WARNING * * *
You take 8 damage, and have 5/41 hp.
You barely miss the river rat.
The river rat is heavily wounded.
The river rat misses you.
You hit the river rat but do no damage.
The river rat is heavily wounded.
The river rat bites you!
You die...

█..█..█≈≈≈≈≈≈█
█.....█≈≈≈≈≈≈█ K.
██...██≈≈≈≈≈≈█ K.█
█.....█≈≈≈≈≈≈█ ...
█.).).█≈≈≈≈≈≈█ ...
███(███≈≈≈≈≈≈███∆██
██..≈≈≈≈≈≈≈≈≈KK...█
█...≈≈≈≈≈≈≈≈≈≈K...█
█.@r≈≈≈≈≈≈≈≈≈r....█
██....≈≈≈≈≈≈KK≈....█
█.....≈≈≈≈≈≈K≈†(..██
█(....≈≈≈≈≈≈K█....█
█..(..≈≈≈≈≈≈≈██÷.██
██.....≈≈≈≈≈≈██..█
█.....≈≈≈≈≈██(..█
██...≈≈≈≈≈≈█....██
████...≈≈≈≈≈≈≈.....██


You could see a river rat.

Vanquished Creatures
  A centaur (D:6)
  A worker ant (D:6)
  A hound zombie (D:2)
  6 river rats (Sewer)
  5 adders
  A worm (D:3)
  5 giant geckos (D:6)
  9 bats
  5 giant cockroaches
  9 goblins
  8 hobgoblins
  15 kobolds
  3 quokkas
  9 ball pythons
  4 giant newts
  21 rats
103 creatures vanquished.

Notes
Turn   | Place    | Note
--------------------------------------------------------------
     0 | D:1      | Goblin1989 the Vampire Enchanter began the quest for the Orb.
     0 | D:1      | Reached XP level 1. HP: 13/13 MP: 3/3
   513 | D:1      | Reached XP level 2. HP: 19/19 MP: 5/5
  1840 | D:2      | Reached XP level 3. HP: 20/24 MP: 6/6
  1853 | D:2      | Learned a level 3 spell: Confuse
  2031 | D:2      | Reached skill level 5 in Hexes
  2777 | D:2      | Reached skill level 5 in Stealth
  2905 | D:2      | Reached XP level 4. HP: 28/30 MP: 2/7
  3542 | D:3      | Noticed Alipheese's ghost (weakling NaWz)
  3699 | D:3      | Found a glowing golden altar of the Shining One.
  3747 | D:3      | Found a blossoming altar of Fedhas.
  3793 | D:4      | Noticed Blork the orc
  4045 | D:4      | Noticed Alipheese's ghost (amateur NaGl)
  4463 | D:5      | Entered Level 5 of the Dungeon
  4478 | D:5      | Found a large runed door.
  4478 | D:5      | Found a large runed door.
  4488 | D:5      | Found a large runed door.
  4488 | D:5      | Found a large runed door.
  4493 | D:5      | Got a steaming scale mail
  4585 | D:4      | Identified the +1 scale mail of Roceapp {Int+3} (You found it on level 5 of the Dungeon)
  4725 | D:5      | Found a staircase to the Ecumenical Temple.
  4734 | Temple   | Entered the Ecumenical Temple
  4829 | D:5      | Noticed an ogre
  4922 | D:6      | Found a deep blue altar of Sif Muna.
  4961 | D:6      | Noticed a centaur
  4964 | D:6      | Killed a centaur
  4964 | D:6      | Reached skill level 6 in Stealth
  4964 | D:6      | Reached XP level 5. HP: 35/35 MP: 2/8
  5038 | D:6      | Found a glowing drain.
  5105 | Sewer    | Entered a sewer
  5585 | Sewer    | Learned a level 2 spell: Ensorcelled Hibernation
  5602 | Sewer    | Reached XP level 6. HP: 41/41 MP: 5/9
  5731 | Sewer    | Reached skill level 5 in Short Blades
  5968 | Sewer    | HP: 1/41 [big kobold/club (6)]
  6542 | Sewer    | Slain by a river rat

Action                   |  1- 3 |  4- 6 || total
-------------------------+-------+-------++-------
Melee: Dagger            |   158 |   254 ||   412
 Cast: Confuse           |     8 |    25 ||    33
       Ensorcelled Hiber |       |    26 ||    26
 Abil: End Transformatio |       |     6 ||     6
       Bat Form          |       |     6 ||     6
  Use: Potion            |     2 |     6 ||     8
       Scroll            |       |     7 ||     7
 Stab: Sleeping          |     5 |    21 ||    26
       Distracted        |     1 |     1 ||     2
       Confused          |     3 |    16 ||    19

Vault maps used:
D:1:      sevenhm_arrival_forest_fort_small_5
D:2:      hex_tiny
D:3:      overflow_temple_1_default, overflow_temple_1_default
D:4:      minitemple, uniq_blork_the_orc
D:5:      kennysheep_mini, minmay_temple_entry_poolview, first_bread,
          minmay_hollow_rounded_squares
D:6:      overflow_temple_1_default, serial_shops, shop, gup_sewer_entry_pipe
Temple:   minmay_temple_bridge_c_8
Sewer:    sewer_minmay_treatment
